 Dungeon Crawl Stone Soup version 0.32-a0-841-g4648e6c457 (webtiles) character file.

Game seed: 10272325989763704416

37 Griffin23 the Shield-Bearer (level 3, -6/33 HPs)
             Began as a Minotaur Fighter on Mar 26, 2024.
             Mangled by Sigmund
             ... wielding a +0 scythe
              (7 damage)
             ... on level 2 of the Dungeon.
             The game lasted 00:01:07 (883 turns).

Griffin23 the Shield-Bearer (Minotaur Fighter)       Turns: 883, Time: 00:01:07

Health: -6/33      AC: 10    Str: 22    XL:     3   Next: 23%
Magic:  2/2        EV:  7    Int:  5    God:
Gold:   64         SH:  4    Dex:  9    Spells: 2/2 levels left

rFire   . . .        a - +0 long sword
rCold   . . .        c - +0 buckler
rNeg    . . .        l - +0 chain mail
rPois   .            (helmet restricted)
rElec   .            (no cloak)
rCorr   .            e - +0 pair of gloves
SInv    .            (no boots)
Will    .....        (no amulet) Stlth
                     (no ring)
HPRegen 0.25/turn    (no ring)
MPRegen 0.08/turn

%: no passive effects
@: mighty
A: horns 2, retaliatory headbutt
a: no special abilities


You were on level 2 of the Dungeon.
You visited 1 branch of the dungeon, and saw 2 of its levels.

You collected 64 gold pieces.

Inventory:

Hand Weapons
 a - a +0 long sword (weapon)
Armour
 b - a +0 scale mail
 c - a +0 buckler (worn)
 e - a +0 pair of gloves (worn)
 l - a +0 chain mail (worn)
Scrolls
 f - a scroll of identify {unknown}
 h - a scroll of blinking {unknown}
 i - a scroll of poison {unknown}
 j - a scroll of butterflies {unknown}
 m - 3 scrolls of revelation {unknown}
 o - a scroll of fear {unknown}
Potions
 g - 2 potions of heal wounds {unknown}
 k - a potion of brilliance {unknown}
 n - a potion of attraction {unknown}


   Skills:
 + Level 4.1 Fighting
 * Level 3.1 Long Blades
 + Level 4.0 Armour
 + Level 4.1 Shields


You had 2 spell levels left.
You didn't know any spells.
Your spell library contained the following spells:

 Spells                   Type           Power      Damage    Failure   Level
 Sandblast                Erth           0%         2d4       99%         1
 Cause Fear               Hex            0%         N/A       100%        4
 Dimensional Bullseye     Hex/Tloc       0%         N/A       100%        4


Dungeon Overview and Level Annotations

Branches:
Dungeon (2/15)

Altars:

Annotations:
D:2 Sigmund


Innate Abilities, Weirdness & Mutations

You have a pair of horns on your head.
You reflexively headbutt those who attack you in melee.


Message History

You bump into the rock wall.
You're too confused to move!
Sigmund hits you with a +0 scythe. Sigmund closely misses you.
Things that are here:
a +0 club; a kobold corpse You bump into the rock wall.
Sigmund hits you but does no damage.
You barely miss Sigmund. Your headbutt misses Sigmund.
Sigmund is moderately wounded.
You feel less confused. Sigmund barely misses you.
You barely miss Sigmund.
Sigmund is moderately wounded.
Sigmund hits you but does no damage.
You closely miss Sigmund.
Sigmund is moderately wounded.
Sigmund hits you but does no damage.
You closely miss Sigmund.
Sigmund is moderately wounded.
Sigmund casts a spell at you.
You are confused.
You bump into the rock wall.
Sigmund hits you with a +0 scythe.
You hit Sigmund.
Sigmund is moderately wounded.
You closely miss Sigmund.
Sigmund is moderately wounded.
Sigmund zaps a wand.
The puff of flame hits you!
* * * LOW HITPOINT WARNING * * *
Sigmund casts a spell at you. You resist with significant effort.
You bump into the rock wall.
Sigmund hits you with a +0 scythe.
* * * LOW HITPOINT WARNING * * *
You feel very mighty all of a sudden.
You bump into the rock wall.
Sigmund hits you with a +0 scythe.
* * * LOW HITPOINT WARNING * * *
You slash Sigmund!
Sigmund is severely wounded.
You feel less confused. Sigmund hits you with a +0 scythe!
You die...
Sigmund begins carving another notch in his scythe.

### #.# #.. #.# #.#
#.# #.# #)# #@#
#@#####.###
#..........
#..####...#
#.........#
#########..........
#.............$..#
#.####.............
#.# +.............


You could see Sigmund.

Vanquished Creatures
  An adder (D:2)
  4 endoplasms
  A giant cockroach (D:1)
  3 hobgoblins
  4 jackals (D:1)
  A quokka (D:1)
  2 bats (D:1)
  A frilled lizard (D:1)
  5 kobolds
  4 rats
26 creatures vanquished.

Notes
Turn   | Place    | Note
-------+----------+-------------------------------------------
     0 | D:1      | Griffin23 the Minotaur Fighter began the quest for the Orb.
     0 | D:1      | Reached XP level 1. HP: 19/19 MP: 0/0
   185 | D:1      | Reached XP level 2. HP: 25/27 MP: 1/1
   616 | D:2      | Reached XP level 3. HP: 33/33 MP: 2/2
   821 | D:2      | Got the Catalogue of Earthen Destiny
   848 | D:2      | Noticed Sigmund
   882 | D:2      | HP: 1/33 [Sigmund/+0 scythe (6)]
   883 | D:2      | Mangled by Sigmund

Illustrated notes

Levels and vault maps discovered:
D:1:      lemuel_arrival_lava_pool, layout_basic, st_stairs_7,
          serial_park_tiny_pond, chequers_serial_rivers_small_b
D:2:      layout_basic, shapermc_ecumenical_altar_ellora, st_stairs_9,
          uniq_sigmund, uniq_jessica

Skill      XL: |  1  2 |
---------------+-------+-----
Shields        | 4 |  4.1
Fighting       | 4 |  4.1
Long Blades    | 3 |  3.1
Armour         | 4 |  4.0

Action                     || total
---------------------------++-------
  Melee: Long sword        ||    64
         Headbutt          ||     5
    Use: Potion            ||     1
 Armour: Scale mail        ||    23
         Chain mail        ||    36
  Dodge: Dodged            ||    32
  Block: Buckler           ||    16

Table legend: (Time is in decaauts)
 A = Elapsed time spent in this place.
 B = Non-inter-level travel time spent in this place.
 C = Inter-level travel time spent in this place.
 D = Time resting spent in this place.
 E = Time spent auto-exploring this place.
 F = Levels seen in this place.
 G = Mean time per level.
                   A        B        C        D        E       F      G
               +--------+--------+--------+--------+--------+-----+--------+
         Total |    902 |    866 |     36 |      0 |    666 |   2 |  451.0 |
       Dungeon |    902 |    866 |     36 |      0 |    666 |   2 |  451.0 |
               +--------+--------+--------+--------+--------+-----+--------+

Top non-repeatable levels by time:
     D:1: 626 daAuts
     D:2: 275 daAuts
